 Dungeon Crawl Stone Soup version 0.28.0-45-g0d030f2227 (webtiles) character file.

Game seed: 7226973404629056686

259 Mordizer the Shooter (level 5, -2/46 HPs)
             Began as a Minotaur Hunter on May 15, 2022.
             Was an Initiate of Nemelex Xobeh.
             Slain by a goblin
             ... wielding a +0 dagger
             ... led by Robin
              (5 damage)
             ... on level 3 of the Dungeon.
             The game lasted 00:15:51 (1888 turns).

Mordizer the Shooter (Minotaur Hunter)              Turns: 1888, Time: 00:15:52

Health: -2/46      AC:  7    Str: 17    XL:     5   Next: 95%
Magic:  4/4        EV: 10    Int:  8    God:    Nemelex Xobeh [......]
Gold:   182        SH:  0    Dex: 12    Spells: 4/4 levels left

rFire   . . .      SeeInvis .   s - +0 scythe
rCold   . . .      Faith    .   (shield currently unavailable)
rNeg    . . .      Spirit   .   p - +0 scale mail
rPois   .          Reflect  .   (helmet restricted)
rElec   .          Harm     .   (no cloak)
rCorr   .          Rampage  .   (no gloves)
Will    .....                   t - +0 pair of boots
Stlth   ..........              (no amulet)
HPRegen 0.15/turn               (no ring)
MPRegen 0.09/turn               (no ring)

@: no status effects
A: horns 2, retaliatory headbutt
a: Renounce Religion, Draw Escape, Draw Destruction, Draw Summoning


You were on level 3 of the Dungeon.
You worshipped Nemelex Xobeh.
Nemelex Xobeh was noncommittal.
You visited 1 branch of the dungeon, and saw 3 of its levels.

You collected 182 gold pieces.

Inventory:

Hand Weapons
 a - a +1 shortbow
 b - a +0 short sword
 e - a +0 dagger
 h - a +0 hunting sling
 s - a +0 scythe (weapon)
Missiles
 d - 25 arrows
 n - 31 stones (quivered)
 o - 4 javelins
 q - 14 poisoned darts
 r - 12 sling bullets
Armour
 c - a +0 leather armour
 j - a +0 ring mail
 p - a +0 scale mail (worn)
 t - a +0 pair of boots (worn)
Scrolls
 k - a scroll of noise
 v - a scroll of identify
Potions
 f - 2 potions of mutation {unknown}
 g - a potion of haste {unknown}
 i - a potion of flight {unknown}
 l - a potion of curing {unknown}
 m - 2 potions of magic {unknown}
 u - a potion of brilliance {unknown}


   Skills:
 + Level 3.6 Fighting
 + Level 1.2 Short Blades
 + Level 3.9 Slings
 + Level 5.5 Bows
 + Level 1.6 Armour
 + Level 2.3 Dodging
 + Level 0.8 Stealth


You had 4 spell levels left.
You didn't know any spells.
Your spell library contained the following spells:

 Spells                   Type           Power      Damage    Failure   Level
 Animate Skeleton         Necr           0%         N/A       83%         1
 Foxfire                  Conj/Fire      0%         2x1d4     83%         1
 Pain                     Necr           0%         1d4       83%         1
 Conjure Flame            Conj/Fire      0%         6-21      99%         3
 Inner Flame              Hex/Fire       0%         N/A       99%         3
 Vampiric Draining        Necr           0%         2d6       99%         3
 Flame Wave               Conj/Fire      0%         2d4       100%        4


Dungeon Overview and Level Annotations

Branches:
Dungeon (3/15)

Altars:
Nemelex Xobeh


Innate Abilities, Weirdness & Mutations

You have a pair of horns on your head.
You reflexively headbutt those who attack you in melee.


Message History

The goblin goes into a battle-frenzy!
The goblin hits you with a +0 dagger.
A goblin comes into view. It is wielding a +0 dagger.
Robin closely misses you. The goblin hits you but does no damage.
The goblin shouts!
You hit Robin.
You kill Robin!
The goblin misses you. The goblin hits you but does no damage.
The goblin hits you with a +0 dagger.
Items here: $ ) [[.
You slash the goblin!
You kill the goblin!
You closely miss the goblin.
The goblin no longer looks unusually strong.
The goblin hits you with a +0 dagger. The goblin hits you with a +0 club.
* * * LOW HITPOINT WARNING * * *
The goblin closely misses you. You furiously retaliate!
You headbutt the goblin.
You kill the goblin!
The goblin closely misses you.
You closely miss the goblin. You miss the goblin.
The goblin hits you with a +0 club.
* * * LOW HITPOINT WARNING * * *
The goblin hits you but does no damage. The goblin misses you.
The goblin hits you but does no damage.
You barely miss the goblin. Your headbutt misses the goblin.
The goblin barely misses you. The goblin hits you with a +0 dagger.
* * * LOW HITPOINT WARNING * * *
The goblin hits you with a +0 club.
* * * LOW HITPOINT WARNING * * *
The goblin barely misses you.
You slash the goblin!
You kill the goblin!
The goblin hits you with a +0 dagger.
* * * LOW HITPOINT WARNING * * *
You miss the goblin.
The goblin no longer looks unusually strong. x2
The goblin hits you with a +0 dagger.
You die...
Your body disappears without a glow.

#.###≈≈≈≈≈≈≈.≈≈≈≈
.####.≈.........
#..##.....≈....≈ #
#.##..##..#...≈≈..≈
#
#....)##..#########
# #####.##..# #
#gg#..# # ##g#..#
#@g..# ##...#
#.>...# ##.#### #.#
#.# #.# #.# #.#


You could see 4 goblins.

Vanquished Creatures
  Sigmund (D:3)
  Robin (D:3)
  3 adders (D:2)
  2 worms
  3 ball pythons (D:2)
  7 bats
  4 endoplasms (D:2)
  A giant cockroach (D:3)
  3 hobgoblins
  3 jackals (D:1)
  A quokka (D:1)
  A frilled lizard (D:2)
  11 goblins
  4 kobolds
  7 rats
52 creatures vanquished.

Notes
Turn   | Place    | Note
-------+----------+-------------------------------------------
     0 | D:1      | Mordizer the Minotaur Hunter began the quest for the Orb.
     0 | D:1      | Reached XP level 1. HP: 18/18 MP: 0/0
   441 | D:1      | Reached XP level 2. HP: 25/25 MP: 1/1
   520 | D:1      | You fall into a shaft and drop 1 floor!
   520 | D:2      | Found a sparkling altar of Nemelex Xobeh.
   543 | D:2      | Became a worshipper of Nemelex Xobeh the Trickster
   589 | D:2      | Reached skill level 5 in Bows
   770 | D:2      | Reached XP level 3. HP: 30/30 MP: 2/2
   841 | D:2      | Found a faded altar of an unknown god.
   866 | D:2      | Prayed at the altar of an unknown god.
  1208 | D:3      | Noticed Sigmund
  1393 | D:2      | Reached XP level 4. HP: 38/38 MP: 3/3
  1498 | D:3      | Reached skill level 1 in Short Blades
  1499 | D:3      | Killed Sigmund
  1500 | D:3      | Reached skill level 1 in Armour
  1500 | D:3      | Reached XP level 5. HP: 21/46 MP: 4/4
  1857 | D:3      | Noticed Robin
  1880 | D:3      | Killed Robin
  1887 | D:3      | HP: 2/46 [goblin/+0 dagger[Robin] (5)]
  1888 | D:3      | Slain by a goblin

Illustrated notes

Levels and vault maps discovered:
D:1:      matt_arrival_spirals, layout_basic
D:2:      layout_basic, hellmonk_ecumenical_altar_crossroads, serial_curves,
          eino_curves_03, eino_curves_01, basic_altar, minmay_octomino_j4
D:3:      layout_basic, mainiacjoe_overflow_tiny_flanked,
          mainiacjoe_overflow_surrounded_room, serial_rivers,
          chequers_serial_rivers_micro_b, chequers_serial_rivers_micro_b,
          chequers_serial_rivers_room_b, chequers_serial_rivers_micro_c,
          chequers_serial_rivers_small_3, chequers_serial_rivers_small_b,
          uniq_robin, uniq_sigmund

Skill      XL: |  1  2  3  4 |
---------------+-------------+-----
Bows           | 5 |  5.5
Fighting       | 3 |  3.6
Short Blades   | 1 |  1.2
Slings         | 3 |  3.9
Armour         | 1 |  1.6
Dodging        | |  2.3
Stealth        | |  0.8

Action                   |  1- 3 |  4- 6 || total
-------------------------+-------+-------++-------
Melee: Short sword       |    26 |       ||    26
       Headbutt          |     4 |     3 ||     7
       Hunting sling     |       |     1 ||     1
       Scythe            |       |    14 ||    14
 Fire: Shortbow          |    51 |       ||    51
       Hunting sling     |    23 |    42 ||    65
Throw: Stone             |     1 |       ||     1
  Use: Scroll            |     2 |       ||     2
Armor: Leather armour    |     5 |       ||     5
       Ring mail         |     1 |       ||     1
       Scale mail        |    16 |    13 ||    29
Dodge: Dodged            |    27 |    20 ||    47
